cohdb
Replays
Latest Replays
All Replays
Popular Replays
Top Player Replays
Match Explorer
How It Works
Community
CoH3 Stats
Reddit
Sign in to upload your games and track your stats! →
Sign in with Steam
Match 40412898
Unlisted
Match 40412898
Overview
Messages
Build Orders
End
Construct Barracks
Riflemen Squad
Riflemen Squad
M1 Mortar Team
Construct Weapon Support Center
Grenade Package
M1919 Machine Gun Team
Selects Heavy Weapons
Selects M2HB .50cal Heavy Machine Gun
Air Support Center
Riflemen Squad
M3 Armored Personnel Carrier
Engineer Squad
Construct Motor Pool
Selects Assault Carriers
Selects Exchangeable Parts
M1 Anti-tank Gun Team
Glendizzle
Ilias Kreuz
smg.GLORYnHALLELUJA
Mr odrareg
Standard Operator
Aprosarmosto
theprojj
tims
0
0
Comments
sign in to comment!
No comments posted yet!